[Event "*** SCC Grand Prix: Titled Tuesday Blitz"]
[Site "Chess.com"]
[Date "2020.06.23"]
[Round "8"]
[White "djano"]
[Black "volcanoexplorer"]
[Result "0-1"]
[WhiteElo "2456"]
[BlackElo "2610"]
[TimeControl "180+1"]
[EndTime "11:35:27 PDT"]
[Termination "volcanoexplorer won by resignation"]

1. Nf3 Nf6 2. d4 e6 3. Bf4 b6 4. Nbd2 Bb7 5. e3 Be7 6. h3 d6 7. Bb5+ Nbd7 8. O-O a6 9. Be2 O-O 10. a4 Re8 11. a5 Bf8 12. axb6 cxb6 13. Bh2 e5 14. Nc4 Qc7 15. dxe5 dxe5 16. c3 Rad8 17. Qc2 Be4 18. Qc1 a5 19. Nfd2 Bg6 20. Re1 Nc5 21. b4 Nd3 22. Bxd3 Bxd3 23. Nxe5 Rxe5 24. Bxe5 Qxe5 25.
Nf3 Qc7 26. bxa5 bxa5 27. Rd1 Ne4 28. Nd4 Bc4 29. Nf3 Rxd1+ 30. Qxd1 Nxc3 31. Qc2 Bb4 32. Ng5 g6 33. Nf3 a4 34. Nd4 h5 35. h4 Qc5 36. g3 Bd5 37. Rxa4 Nxa4 38. Qxa4 Qc1+ 0-1

[Event "*** SCC Grand Prix: Titled Tuesday Blitz"]
[Site "Chess.com"]
[Date "2020.06.23"]
[Round "8"]
[White "kleopl"]
[Black "HanSchut"]
[Result "1-0"]
[WhiteElo "2389"]
[BlackElo "2208"]
[TimeControl "180+1"]
[EndTime "11:35:28 PDT"]
[Termination "kleopl won by resignation"]

1. c4 Nf6 2. Nc3 d5 3. d4 g6 4.
Nf3 Bg7 5. g3 O-O 6. Bg2 c6 7.
cxd5 cxd5 8. Ne5 Nc6 9. Nxc6 bxc6 10. O-O Nd7 11. Na4 e5 12. dxe5 Nxe5 13. Be3 Qa5 14.
Bd4 Re8 15. Rc1 Ba6 16. Nc5 Rac8 17. a3 Qb5 18. Nxa6 Qxa6 19. Re1 Nc4 20. Bxg7 Kxg7 21. Qd4+ Kg8 22. e4 Qb6 23. Qxb6 axb6 24. Rc2 Red8 25. exd5 cxd5 26. Rec1 Rc5 27. Bxd5 Rdxd5 28. Rxc4 Rxc4 29. Rxc4 Rd1+ 30. Kg2 Rd2 31. Rb4 Rd6 32. h4 Kf8 33. Kf3 Ke7 34. Ke3 f5 35. a4 Kf6 36. b3 h6 37. Rd4 Rc6 38. Kd3 g5 39. hxg5+ hxg5 40. Rc4 Rd6+ 41. Kc3 Re6 42. Rd4 g4 43.
Kb4 Kg5 44. Kb5 Re2 45. Rf4 Rb2 46. b4 Re2 47. Kxb6 Re4 48. a5 Rxf4 49. gxf4+ Kxf4 50. a6 Kf3 51. a7 Kxf2 52. a8=Q g3 53. Qf8 g2 54.
Qxf5+ Kg1 55. Qg4 Kh1 56. Qxg2+ Kxg2 57. Kc5 1-0

[Event "*** SCC Grand Prix: Titled Tuesday Blitz"]
[Site "Chess.com"]
[Date "2020.06.23"]
[Round "8"]
[White "Karateloru"]
[Black "SantoBlue"]
[Result "0-1"]
[WhiteElo "2627"]
[BlackElo "2797"]
[TimeControl "180+1"]
[EndTime "11:35:29 PDT"]
[Termination "SantoBlue won by resignation"]

1. Nf3 Nf6 2. g3 g6 3. Bg2 c5 4. O-O d5 5. d3 Bg7 6. Nbd2 Nc6 7. c3 O-O 8. e4 e5 9. Re1 Re8 10. exd5 Nxd5 11. a4 b6 12. Nc4 Bb7 13. Bg5 f6 14. Bd2 Qd7 15. Qc2 Rad8 16. Rad1 Nc7 17. Bc1 Ne6 18. h4 h5 19. Bh3 Nb4 20. Qe2 Nxd3 21. Bf1 Bxf3 22. Qxf3 Nxe1 23. Rxe1 Qxa4 24. Na3 Qg4 25. Qc6 Nf4 26. Kh2 Nd3 27. Bxd3 Kh7 28. Be4 Re6 29. Qb7 Red6 30. Bf3 Qf5 31. Kg2 Qe6 32.
Nb5 R6d7 33. Qe4 f5 34. Qa4 e4 35. Be2 Qc6 36. Be3 a6 37. Qb3 axb5 38. Bxb5 Qd5 39.
c4 Qd3 40. Qa4 Rf7 41. Qa6 f4 42. gxf4 Rxf4 43. Qxb6 Rg4+ 44. Kh1 Rxh4+ 45. Kg2 Rg4+ 46. Kh1 Rf8 47. Qe6 Rf3 48. Kh2 Rxf2+ 49. Bxf2 Qf3 50. Bg3 Qxg3+ 0-1

[Event "*** SCC Grand Prix: Titled Tuesday Blitz"]
[Site "Chess.com"]
[Date "2020.06.23"]
[Round "8"]
[White "Gabrielian_Artur"]
[Black "SamuelGhimpu2003"]
[Result "1-0"]
[WhiteElo "2768"]
[BlackElo "2596"]
[TimeControl "180+1"]
[EndTime "11:35:29 PDT"]
[Termination "Gabrielian_Artur won on time"]

1. e4 e6 2. d4 d5 3. e5 c5 4. c3 Qb6 5. Nf3 Bd7 6. Be2 Nc6 7. O-O cxd4 8. cxd4 Nge7 9. Nc3 Nf5 10. Na4 Qd8 11. Bg5 Be7 12. Bxe7 Qxe7 13. Rc1 O-O 14. Nc5 Rab8 15. Bd3 Ncxd4 16. Nxd4 Nxd4 17. Bxh7+ Kxh7 18. Qxd4 Rfc8 19. Rc3 Kg8 20. Rfc1 b6 21. Nd3 Rxc3 22. Rxc3 Rc8 23. Rxc8+ Bxc8 24. Nf4 Qc7 25. h4 Qc1+ 26. Kh2 Ba6 27. g3 Bb5 28. a4 Be8 29. Nh5 Qe1 30. Qf4 f6 31. Nxf6+ gxf6 32. Qxf6 Bf7 33. Qg5+ Kh7 34. Qf6 Bg6 35. Qe7+ Kh6 36. Qf8+ Kh5 37. Qf4 1-0

[Event "*** SCC Grand Prix: Titled Tuesday Blitz"]
[Site "Chess.com"]
[Date "2020.06.23"]
[Round "8"]
[White "Violord"]
[Black "KNCP_719"]
[Result "1-0"]
[WhiteElo "2623"]
[BlackElo "2467"]
[TimeControl "180+1"]
[EndTime "11:35:29 PDT"]
[Termination "Violord won on time"]

1. e4 e5 2. Nf3 Nf6 3. d4 Nxe4 4.
dxe5 d5 5. Bd3 Nc5 6. Be2 Be7 7. O-O O-O 8. Be3 c6 9. Nbd2 Bg4 10. h3 Bh5 11. c4 Ne6 12. cxd5 cxd5 13. Nb3 Nc6 14. Nh2 Bxe2 15. Qxe2 Nxe5 16. Rad1 Nc6 17. Nf3 Bf6 18. Qb5 Qe7 19. Qxd5 Bxb2 20. Nc5 Rfd8 21. Qb3 Nxc5 22.
Qxb2 Ne6 23. Ne5 Nxe5 24. Qxe5 a6 25. Bb6 Rxd1 26. Rxd1 h6 27. a4 Rc8 28. a5 Qe8 29.
Qd6 Ng5 30. Qd7 Rb8 31. Qxe8+ Rxe8 32. Rd7 Rb8 33. f4 Ne6 34. f5 Ng5 35. Ba7 Ra8 36. Rxb7 Ne4 37. Bb6 Nd6 38. Rd7 Nxf5 39. g4 Nh4 40. Kf2 Ng6 41. Bd4 Nf4 42. h4 Ne6 43.
Bb6 g5 44. h5 Nf4 45. Kf3 Kg7 46. Bd4+ Kf8 47. Rd6 Ne6 48. Bf6 1-0

[Event "*** SCC Grand Prix: Titled Tuesday Blitz"]
[Site "Chess.com"]
[Date "2020.06.23"]
[Round "8"]
[White "Shield12"]
[Black "attack2mateU"]
[Result "1-0"]
[WhiteElo "2843"]
[BlackElo "2674"]
[TimeControl "180+1"]
[EndTime "11:35:30 PDT"]
[Termination "Shield12 won by resignation"]

1. e4 c5 2. Nf3 d6 3. d4 cxd4 4. Qxd4 Nc6 5. Qe3 Nf6 6. h3 e6 7. Be2 Be7 8. O-O O-O 9. c4 Qc7 10. Nc3 Qb8 11. b3 Bd8 12. Bb2 Bb6 13. Qd2 Rd8 14.
Rfd1 h6 15. Bd3 e5 16. Rac1 Bd7 17. Ne2 a5 18. Bc3 Bc5 19. Ng3 Qa7 20. Nh4 Ne7 21. Qe2 Ng6 22. Nhf5 Nf4 23. Qf3 Kh7 24. Bc2 g6 25. Ne3 Be6 26. Ne2 N6h5 27. Nxf4 Nxf4 28. Ng4 Bxg4 29. hxg4 Bxf2+ 30. Kf1 Be3 31. Rb1 Ne6 32.
g3 Kg7 33. Kg2 Bd4 34. Bd2 f6 35. Bxh6+ Kf7 36. Rf1 Ke7 37. Qxf6+ Kd7 38. Qf7+ Kc6 39. Qxe6 Rh8 40. Qd5+ Kc7 1-0

[Event "*** SCC Grand Prix: Titled Tuesday Blitz"]
[Site "Chess.com"]
[Date "2020.06.23"]
[Round "8"]
[White "Gurvich_Vitaly"]
[Black "124chess"]
[Result "1/2-1/2"]
[WhiteElo "2562"]
[BlackElo "2717"]
[TimeControl "180+1"]
[EndTime "11:35:30 PDT"]
[Termination "Game drawn by repetition"]

1. c4 e6 2. d3 d5 3. Nd2 c5 4. g3 Nc6 5. Bg2 Nf6 6. Ngf3 Be7 7. O-O O-O 8. a3 b6 9. b3 Bb7 10. Bb2 d4 11. Qc2 a5 12. e4 a4 13. bxa4 Nd7 14. Rae1 Qb8 15. h4 Qa7 16. Ng5 h6 17. Nh3 Qxa4 18. Qb1 Na5 19. f4 Nb3 20. Nf3 Nf6 21. Nf2 h5 22. Qd1 Bc6 23. Ne5 Be8 24.
g4 Na5 25. Qf3 hxg4 26. Nfxg4 Nxg4 27. Qxg4 Nc6 28. Nxc6 Bxc6 29. h5 Qc2 30. h6 g6 31.
Rf2 Qxd3 32. f5 Kh7 33. fxg6+ fxg6 34. Qxe6 Bh4 35. Rf7+ Rxf7 36. Qxf7+ Kxh6 37. Bc1+ Bg5 38. Bxg5+ Kxg5 39. Qe7+ Kh6 40. Qh4+ Kg7 41. Qe7+ Kh6 42. Qh4+ Kg7 43. Qe7+ Kh6 1/2-1/2

[Event "*** SCC Grand Prix: Titled Tuesday Blitz"]
[Site "Chess.com"]
[Date "2020.06.23"]
[Round "8"]
[White "abubakrtagelsir"]
[Black "antoszu"]
[Result "0-1"]
[WhiteElo "2351"]
[BlackElo "2551"]
[TimeControl "180+1"]
[EndTime "11:35:30 PDT"]
[Termination "antoszu won by resignation"]

1. e4 c5 2. Nc3 a6 3. f4 b5 4. Nf3 Bb7 5. d4 cxd4 6. Qxd4 e6 7.
Bd3 Qc7 8. Qf2 d6 9. O-O Nd7 10. Kh1 Ngf6 11. a3 Be7 12. Qg3 O-O 13. Be3 Rfe8 14.
Bd4 Bf8 15. e5 Nd5 16. Ng5 g6 17. Qh3 h6 18. exd6 Qxd6 19. Nge4 Qe7 20. Nxd5 Bxd5 21. Rae1 f5 22. Nc3 Qd6 23. Qg3 Kh7 24. Nxd5 Qxd5 25.
c3 Bg7 26. Bxg7 Kxg7 27. Rd1 Qc6 28. Be2 Rad8 29. Bf3 Qc7 30. Rfe1 Nf8 31. h4 Rxd1 32. Rxd1 Rd8 33. Rxd8 Qxd8 34. h5 g5 35. fxg5 hxg5 36.
Qe5+ Qf6 37. h6+ Kf7 38. Qc7+ Kg8 39. h7+ Nxh7 40. Qc8+ Nf8 41. Qxa6 g4 42. Be2 g3 43. Bh5 Qh6 44. Qc6 Qc1+ 0-1

[Event "*** SCC Grand Prix: Titled Tuesday Blitz"]
[Site "Chess.com"]
[Date "2020.06.23"]
[Round "8"]
[White "Konavets"]
[Black "Volodar_Murzin"]
[Result "1-0"]
[WhiteElo "2997"]
[BlackElo "2712"]
[TimeControl "180+1"]
[EndTime "11:35:31 PDT"]
[Termination "Konavets won by resignation"]

1. d4 Nf6 2. c4 g6 3. Nf3 Bg7 4. g3 O-O 5. Bg2 d6 6. O-O Nc6 7. Nc3 e5 8. dxe5 Nxe5 9. Nd2 Re8 10. b3 h5 11. h3 Bf5 12. Bb2 Qc8 13. Kh2 Nh7 14. e4 Bd7 15. Qc2 Nf8 16. f4 Nc6 17. Nd5 Nd4 18. Qd3 Nfe6 19. Rae1 c6 20. Nc3 a5 21. Na4 Qc7 22. f5 Nc5 23. Nxc5 dxc5 24.
f6 Bh6 25. Nf3 Nxf3+ 26. Qxf3 Rad8 27. e5 Be6 28. Re2 Bf5 29. Rfe1 Rd3 30. Qf2 Red8 31. Bc1 Bf8 32. Be4 Bxe4 33. Rxe4 Rd1 34. Bf4 Rxe1 35. Qxe1 Qd7 36. Qxa5 Re8 37. Qd2 Qf5 38. Re2 Qe6 39.
a4 Qf5 40. Qc2 Qe6 41. Qd3 Ra8 42. Rd2 Qe8 43. Qd7 b5 44. Qxe8 Rxe8 45. axb5 cxb5 46.
cxb5 Rb8 47. e6 Rxb5 48. e7 Bxe7 49. fxe7 Rb8 50. Bxb8 1-0

[Event "*** SCC Grand Prix: Titled Tuesday Blitz"]
[Site "Chess.com"]
[Date "2020.06.23"]
[Round "8"]
[White "dpruess"]
[Black "EvgenyRomanov"]
[Result "1-0"]
[WhiteElo "2494"]
[BlackElo "2622"]
[TimeControl "180+1"]
[EndTime "11:35:31 PDT"]
[Termination "dpruess won by resignation"]

1. e4 e5 2. f4 exf4 3. Nf3 Nf6 4.
e5 Ne4 5. d3 Ng5 6. Bxf4 Ne6 7.
Bg3 d5 8. d4 c5 9. Nc3 cxd4 10.
Nxd4 Nc6 11. Ndb5 a6 12. Nd6+ Bxd6 13. exd6 d4 14. Ne4 O-O 15. Bc4 b5 16. Bd5 Bb7 17.
O-O Qb6 18. Qg4 Ncd8 19. Nf6+ Kh8 20. Nd7 Qa7 21. Bxb7 Qxb7 22. Nxf8 Nxf8 23. Qxd4 Nfe6 24. Qe5 Nc6 25. Qd5 Rd8 26. Rad1 Rd7 27. c3 Kg8 28. Kh1 h6 29. h3 Qb6 30. Rde1 Ncd8 31. Rf3 a5 32. a3 b4 33. axb4 axb4 34. c4 b3 35.
Ref1 Nd4 36. Bf2 Rxd6 37. Bxd4 Qxd4 38. Qxd4 Rxd4 39. Rc3 Nc6 40. c5 Rb4 41. Rfc1 Rb5 42. Rd1 Kf8 43. Rd6 Ne5 44. c6 Ke7 45. c7 Kxd6 46.
c8=Q Nd7 47. Qc6+ Ke7 48. Qxb5 1-0

[Event "*** SCC Grand Prix: Titled Tuesday Blitz"]
[Site "Chess.com"]
[Date "2020.06.23"]
[Round "8"]
[White "CalinGheorghiu"]
[Black "Kavyev_Ruslan"]
[Result "1-0"]
[WhiteElo "2403"]
[BlackElo "2542"]
[TimeControl "180+1"]
[EndTime "11:35:31 PDT"]
[Termination "CalinGheorghiu won by checkmate"]

1. d4 Nf6 2. c4 g6 3. f3 d5 4.
cxd5 Nxd5 5. e4 Nb6 6. Nc3 Bg7 7. Be3 O-O 8. Qd2 Nc6 9. O-O-O f5 10. e5 Nb4 11. h4 Be6 12. Kb1 Qd7 13. Nh3 N6d5 14. a3 Nxc3+ 15. Qxc3 Nd5 16. Qd2 Nxe3 17. Qxe3 Qd5 18. Nf4 Qa2+ 19. Kc1 Bb3 20. Bd3 Bxd1 21. Rxd1 c5 22. d5 Rfd8 23. h5 Bh6 24. hxg6 hxg6 25. d6 exd6 26. Rh1 Bg7 27. Nxg6 dxe5 28. Ne7+ Kf7 29. Nxf5 Rh8 30. Re1 Bf6 31. Qe4 Kf8 32. Bc4 Qa1+ 33. Kc2 Qxe1 34. Qxe1 Rd8 35. Qa5 Rc8 36.
Qxa7 Rh7 37. Qb6 Be7 38. Qg6 Rh2 39. Qg8# 1-0

[Event "*** SCC Grand Prix: Titled Tuesday Blitz"]
[Site "Chess.com"]
[Date "2020.06.23"]
[Round "8"]
[White "Shankovskyi"]
[Black "WelshTiger"]
[Result "1-0"]
[WhiteElo "2456"]
[BlackElo "2356"]
[TimeControl "180+1"]
[EndTime "11:35:31 PDT"]
[Termination "Shankovskyi won by resignation"]

1. e4 c5 2. Nf3 Nc6 3. Bb5 g6 4. Bxc6 bxc6 5. O-O Bg7 6. Re1 e5 7. c3 Ne7 8. d4 cxd4 9. cxd4 exd4 10. Nxd4 O-O 11. Nc3 Rb8 12. b3 Qb6 13. Nde2 d5 14. exd5 Nxd5 15. Nxd5 cxd5 16. Be3 Qa5 17. Bd4 Bh6 18.
Nc3 Be6 19. Qf3 Bg7 20. Rad1 Rbc8 21. Bxg7 Kxg7 22. Nxd5 Bxd5 23. Qxd5 Qxd5 24. Rxd5 Rc7 25. h4 h5 26. Re3 Rb8 27. g3 Rb6 28. Kg2 Rbc6 29. b4 Rc2 30. a3 Ra2 31. Ra5 f5 32. Ra6 Kh6 33. Ree6 Rcc2 34. Rxg6+ Kh7 35. Kf3 Rxf2+ 36.
Ke3 Rae2+ 37. Kd3 Re4 38. Rgd6 Rf3+ 39. Kc2 Rxg3 40. Rxa7+ Rg7 41. Rxg7+ Kxg7 42. b5 Rf4 43. b6 1-0

[Event "*** SCC Grand Prix: Titled Tuesday Blitz"]
[Site "Chess.com"]
[Date "2020.06.23"]
[Round "8"]
[White "shnitez"]
[Black "kingofkolkata"]
[Result "0-1"]
[WhiteElo "2505"]
[BlackElo "2237"]
[TimeControl "180+1"]
[EndTime "11:35:32 PDT"]
[Termination "kingofkolkata won by checkmate"]

1. d4 d5 2. c4 e6 3. Nc3 Bb4 4. Qa4+ Nc6 5. Nf3 Nf6 6. Bg5 O-O 7. e3 Bd7 8. Qc2 Bxc3+ 9. bxc3 a6 10. a4 h6 11. Bxf6 Qxf6 12. Rb1 Rab8 13. Bd3 dxc4 14.
Bxc4 e5 15. Bd5 exd4 16. cxd4 Bf5 17. Be4 Bxe4 18. Qxe4 Rfe8 19. Qd3 a5 20. O-O Nb4 21. Qb5 b6 22. Rfe1 c6 23. Qc4 Qe6 24. Qc3 Nd5 25. Qc2 Nb4 26. Qc3 Qa2 27. Ra1 Qc2 28. Qa3 Qh7 29.
Ne5 Nc2 30. Qb3 Nxe1 31. Qxf7+ Kh8 32. Ng6+ Qxg6 33. Qxg6 b5 34. Rxe1 b4 35. Qxc6 Rec8 36. Qd5 b3 37. Qxa5 b2 38. g3 Rc1 39. Kg2 b1=Q 40.
Rxc1 Qxc1 41. d5 Qd1 42. Qc5 Qd3 43. Qd6 Qe4+ 44. Kg1 Rb1# 0-1

[Event "*** SCC Grand Prix: Titled Tuesday Blitz"]
[Site "Chess.com"]
[Date "2020.06.23"]
[Round "8"]
[White "OK97"]
[Black "PavelShkapenko"]
[Result "1/2-1/2"]
[WhiteElo "2827"]
[BlackElo "2670"]
[TimeControl "180+1"]
[EndTime "11:35:34 PDT"]
[Termination "Game drawn by repetition"]

1. d4 Nf6 2. Nf3 e6 3. e3 c5 4. Bd3 d5 5. c3 Nc6 6. O-O Bd6 7. dxc5 Bxc5 8. Nbd2 O-O 9. b4 Bd6 10. e4 Qc7 11. Bb2 Ne5 12. Nxe5 Bxe5 13. h3 Rd8 14. Qe2 Bf4 15. exd5 exd5 16. Nf3 Re8 17. Qc2 Bd7 18. Rfe1 Rac8 19. Rad1 h6 20. a4 Bd6 21. Qb3 Rxe1+ 22. Rxe1 Re8 23. Rxe8+ Bxe8 24. c4 dxc4 25. Bxc4 Bxa4 26. Bxf7+ Qxf7 27. Qxa4 a6 28. b5 axb5 29. Qxb5 Qd5 30. Qe2 Qe4 31. Qd1 Qd5 32. Qe2 Qe4 33. Qd1 Qd5 34. Qa1 Be7 35. Nd4 Ne4 36. Qa8+ Kh7 37.
Qe8 Bf6 38. Ne6 Qd1+ 39. Kh2 Qd6+ 40. f4 Bxb2 41. Nf8+ Kg8 42. Ng6+ Kh7 43. Nf8+ Kg8 44. Ne6+ Kh7 45. Nf8+ 1/2-1/2

[Event "*** SCC Grand Prix: Titled Tuesday Blitz"]
[Site "Chess.com"]
[Date "2020.06.23"]
[Round "8"]
[White "chigorin28"]
[Black "szachuspl"]
[Result "1-0"]
[WhiteElo "2436"]
[BlackElo "2558"]
[TimeControl "180+1"]
[EndTime "11:35:34 PDT"]
[Termination "chigorin28 won by resignation"]

1. e4 c5 2. Nf3 e6 3. c3 Nf6 4. e5 Nd5 5. d4 cxd4 6. cxd4 d6 7.
Be2 Nd7 8. exd6 Bxd6 9. O-O O-O 10. Nc3 Nxc3 11. bxc3 Qc7 12. c4 b6 13. Bb2 Bb7 14. Rc1 Rac8 15. Qb3 Rfd8 16. Rfd1 Nf6 17. h3 h6 18. a4 Bf4 19. Ra1 Ne4 20. a5 bxa5 21. Qa4 Qb6 22. Qa2 a4 23. c5 Qb4 24.
Rdb1 Bc6 25. Bc1 Nc3 26. Qc2 Nxb1 27. Rxb1 Qa5 28. Bxf4 Bxf3 29. Bxf3 Rxd4 30. Be3 Rdd8 31. c6 a3 32. Ra1 Qb4 33. Rb1 Qa5 34. Qb3 Kh7 35. Ra1 Qe5 36. Qxa3 f5 37. Qa4 Rc7 38. Bf4 Qc3 39. Bxc7 Rd4 40. Qa5 Rb4 41. Qa2 Rb2 42. Qa5 Qc2 43. Qe1 1-0

[Event "*** SCC Grand Prix: Titled Tuesday Blitz"]
[Site "Chess.com"]
[Date "2020.06.23"]
[Round "8"]
[White "Novoselski"]
[Black "Semetey"]
[Result "0-1"]
[WhiteElo "2318"]
[BlackElo "2541"]
[TimeControl "180+1"]
[EndTime "11:35:34 PDT"]
[Termination "Semetey won on time"]

1. e4 g6 2. d4 Bg7 3. Nf3 d6 4. Bc4 Nf6 5. Qe2 O-O 6. e5 dxe5 7. dxe5 Nd5 8. O-O Bg4 9. Rd1 c6 10. Bxd5 cxd5 11. Bf4 Nc6 12. c4 d4 13. Nbd2 Qb6 14. b3 Rad8 15. h3 Bf5 16. Nf1 d3 17. Qd2 Be4 18.
N1h2 Nd4 19. Nxd4 Qxd4 20. Re1 f5 21. Nf3 Bxf3 22. gxf3 e6 23. Rad1 Rd7 24. Be3 Qh4 25. Bxa7 f4 26. Kh2 Rf5 27. Rh1 Rxe5 28. Rde1 Rh5 29.
Kg2 Rg5+ 30. Kf1 e5 31. Rd1 Qh5 32. Rh2 Qxf3 33. Re1 e4 34. Qd1 d2 35. Re2 e3 36.
Bc5 Bd4 37. Bxd4 Rxd4 38. c5 Rxc5 0-1

[Event "*** SCC Grand Prix: Titled Tuesday Blitz"]
[Site "Chess.com"]
[Date "2020.06.23"]
[Round "8"]
[White "Sviridov_Valery"]
[Black "vladislavkovalev"]
[Result "0-1"]
[WhiteElo "2840"]
[BlackElo "2922"]
[TimeControl "180+1"]
[EndTime "11:35:35 PDT"]
[Termination "vladislavkovalev won on time"]

1. Nf3 Nf6 2. g3 e6 3. Bg2 d5 4. O-O Be7 5. d3 c5 6. Nbd2 Nc6 7. e4 O-O 8. e5 Nd7 9. Re1 Qc7 10. Qe2 b5 11. Nf1 b4 12. Bf4 a5 13. Ne3 Nb6 14. h4 Nd4 15. Nxd4 cxd4 16. Ng4 Ba6 17. h5 Rfc8 18.
Rec1 Qd8 19. h6 g6 20. Nf6+ Bxf6 21. exf6 Nd7 22. Bg5 Qb6 23. Bf1 Rc6 24. a3 b3 25.
cxb3 Nc5 26. b4 axb4 27. axb4 Qxb4 28. Qe5 Rac8 29. Qf4 Nd7 30. Rxc6 Rxc6 31. b3 e5 32. Qg4 Nf8 33. Bg2 Qxb3 34. Re1 Qxd3 35. Rxe5 Ne6 36. Rxd5 Rc8 37. Rd6 Bc4 38. Kh2 Qc2 39. Rxe6 Bxe6 40. Qxd4 Qc4 41. Qxc4 Rxc4 42. Bb7 Rb4 43. Ba8 Bc8 44.
Bc6 Bb7 45. Bxb7 Rxb7 46. Kh3 Kf8 47. Kg4 Ke8 0-1

[Event "*** SCC Grand Prix: Titled Tuesday Blitz"]
[Site "Chess.com"]
[Date "2020.06.23"]
[Round "8"]
[White "Vuk2000"]
[Black "Lector118"]
[Result "1-0"]
[WhiteElo "2633"]
[BlackElo "2469"]
[TimeControl "180+1"]
[EndTime "11:35:35 PDT"]
[Termination "Vuk2000 won by resignation"]

1. e4 c6 2. d4 g6 3. Nd2 d5 4.
Ngf3 Bg7 5. c3 Nh6 6. Bd3 O-O 7. O-O f6 8. Re1 Nf7 9. a4 a5 10. b4 axb4 11. cxb4 e5 12. Bb2 dxe4 13. Bxe4 f5 14. Bc2 e4 15. Ne5 Nxe5 16. dxe5 Be6 17. Bb3 Qe7 18. Nc4 Na6 19. Nd6 Nxb4 20. Re3 c5 21.
Rc1 b6 22. Bc4 Bxc4 23. Nxc4 Nd3 24. Rxd3 exd3 25. Qxd3 Rfd8 26. Qb3 Qe6 27. Qb5 Rab8 28. f4 Rd5 29. a5 Qd7 30. Qxd7 Rxd7 31. axb6 Rd3 32.
Ba3 Bf8 33. Kf2 Rb3 34. Rc2 Ra8 35. Bc1 Ra4 36. Bd2 Ra1 37. Rb2 Rxb2 38. Nxb2 c4 39. b7 Bc5+ 40. Be3 1-0

[Event "*** SCC Grand Prix: Titled Tuesday Blitz"]
[Site "Chess.com"]
[Date "2020.06.23"]
[Round "8"]
[White "vinniethepooh"]
[Black "kingofthenil"]
[Result "1-0"]
[WhiteElo "2570"]
[BlackElo "2408"]
[TimeControl "180+1"]
[EndTime "11:35:35 PDT"]
[Termination "vinniethepooh won on time"]

1. Nf3 Nf6 2. g3 e6 3. Bg2 d5 4. O-O Be7 5. c4 O-O 6. b3 c5 7. Bb2 Nc6 8. e3 d4 9. exd4 cxd4 10.
Re1 Ng4 11. h3 Nh6 12. d3 f6 13. a3 a5 14. Nbd2 e5 15. Qc2 Nf7 16. Kh2 Be6 17. Ng1 Qd7 18. h4 f5 19. Nh3 Nh6 20. Nf3 Ng4+ 21. Kg1 Kh8 22. Nh2 f4 23. Nxg4 Bxg4 24. Kh2 Qf5 25. Re4 fxg3+ 26. Kxg3 Bxh3 27. Bxh3 Qf3+ 28.
Kh2 Qxf2+ 29. Qxf2 Rxf2+ 30. Kg3 Rxb2 31. Rf1 Rf8 32.
Rxf8+ Bxf8 33. Bd7 Bxa3 34. Kg4 Bd6 35. c5 Bc7 36. Kf5 Rxb3 37. h5 a4 38. Rg4 a3 39.
h6 g6+ 40. Kf6 a2 41. Be6 Rb1 42. Bxa2 Rf1+ 43. Ke6 Rf3 44. Kd7 1-0

[Event "*** SCC Grand Prix: Titled Tuesday Blitz"]
[Site "Chess.com"]
[Date "2020.06.23"]
[Round "8"]
[White "ZverevLev"]
[Black "Paladin61"]
[Result "1-0"]
[WhiteElo "2372"]
[BlackElo "2536"]
[TimeControl "180+1"]
[EndTime "11:35:35 PDT"]
[Termination "ZverevLev won by checkmate"]

1. e4 c5 2. Nf3 d6 3. d4 cxd4 4. Nxd4 Nf6 5. Nc3 a6 6. Bg5 Nbd7 7. f4 Qc7 8. Qf3 h6 9. Bxf6 Nxf6 10. f5 Qc5 11.
O-O-O g5 12. fxg6 Bg4 13. gxf7+ Kxf7 14. Qd3 Bxd1 15. Nxd1 Bg7 16. g3 Nxe4 17. Qxe4 Bxd4 18. Bd3 Bf6 19. Ne3 Qe5 20. Qg6+ Kf8 21. Nf5 Qxb2+ 22.
Kd2 Bg5+ 23. Ke2 Qe5+ 24. Kd1 Qf6 25. Nh4 Qa1+ 26. Ke2 Qxh1 27. Bc4 Qxh2+ 28. Kf3 Qh1+ 29. Kg4 Qd1+ 30. Kh3 d5 31. Qf5+ Bf6 32. Bxd5 Rd8 33. Ng6+ Kg7 34. Nf4 Rd6 35. Qg6+ Kf8 36. Qf7# 1-0

[Event "*** SCC Grand Prix: Titled Tuesday Blitz"]
[Site "Chess.com"]
[Date "2020.06.23"]
[Round "8"]
[White "Firouzja2003"]
[Black "Salem-AR"]
[Result "1-0"]
[WhiteElo "3136"]
[BlackElo "2935"]
[TimeControl "180+1"]
[EndTime "11:35:36 PDT"]
[Termination "Firouzja2003 won on time"]

1. d4 Nf6 2. c4 g6 3. Nf3 Bg7 4.
Nc3 O-O 5. e4 d6 6. Be2 e5 7. d5 a5 8. Bg5 h6 9. Bh4 Na6 10. Nd2 Qe8 11. g4 Nh7 12. a3 Bd7 13. h3 a4 14. Qc2 Nc5 15. f3 f5 16. O-O-O Kh8 17. Bf2 Qe7 18. Be3 Qh4 19. Kb1 b6 20. Rdg1 Rf7 21. Ka2 f4 22. Bxc5 bxc5 23. Nb5 Be8 24. Nb1 Qf2 25. h4 Bf6 26. N1c3 Bd8 27.
Nd1 Qxg1 28. Rxg1 Bxh4 29. Rh1 Bg5 30. Ndc3 Kg7 31. Nxa4 Nf6 32. Nac3 Rc8 33. b4 Nd7 34. Na7 Ra8 35. Ncb5 Nb6 36. Kb3 cxb4 37. axb4 c5 38. Ra1 Bxb5 39. cxb5 c4+ 40. Bxc4 Rc7 41. Qf2 Nxc4 42. b6 1-0

[Event "*** SCC Grand Prix: Titled Tuesday Blitz"]
[Site "Chess.com"]
[Date "2020.06.23"]
[Round "8"]
[White "XDPS"]
[Black "GadimbayliA"]
[Result "0-1"]
[WhiteElo "2675"]
[BlackElo "2873"]
[TimeControl "180+1"]
[EndTime "11:35:36 PDT"]
[Termination "GadimbayliA won by checkmate"]

1. e4 e5 2. Nf3 d5 3. exd5 e4 4.
Qe2 Nf6 5. Nc3 Be7 6. Nxe4 O-O 7. d3 Nxd5 8. Bd2 Re8 9. O-O-O f5 10. Kb1 Nc6 11.
c4 fxe4 12. dxe4 Nf6 13. Bc3 Bd7 14. e5 Bc5 15. h3 Qc8 16. Ka1 Bf5 17. Nh4 Ne4 18.
Be1 Rxe5 19. Rd5 Rxd5 20. cxd5 Nd4 21. Qc4 b5 22. Qc1 Nd6 23. Qxc5 Nc2+ 24. Kb1 Nxe1+ 25.
Kc1 Nd3+ 26. Bxd3 Bxd3 27. Re1 Be4 28. f3 Qd8 29. g3 Qg5+ 30. Kd1 Qxd5+ 31. Qxd5+ Bxd5 32. f4 Bxa2 33. Kc2 a5 34. Re7 a4 35. Rxc7 b4 36.
Rc6 Rc8 37. Rxc8+ Nxc8 38. Nf5 Be6 39. Nd4 Bxh3 40. Nc6 b3+ 41. Kc3 Nd6 42. Kb4 Bd7 43. Ne5 Be8 44. g4 Ne4 45. g5 Nf2 46. f5 Nd1 47.
Ka3 Ne3 48. f6 Nc2# 0-1

[Event "*** SCC Grand Prix: Titled Tuesday Blitz"]
[Site "Chess.com"]
[Date "2020.06.23"]
[Round "8"]
[White "allvim"]
[Black "Alopekos"]
[Result "0-1"]
[WhiteElo "2207"]
[BlackElo "2433"]
[TimeControl "180+1"]
[EndTime "11:35:36 PDT"]
[Termination "Alopekos won on time"]

1. e4 c5 2. Nf3 d6 3. d4 cxd4 4. Nxd4 Nf6 5. Nc3 g6 6. Be2 Bg7 7. O-O O-O 8. Be3 Nc6 9. f4 Nxd4 10. Bxd4 Bd7 11. Bf3 Bc6 12. Qe2 Nd7 13. Bxg7 Kxg7 14.
Kh1 a6 15. Rad1 Qb6 16. b3 Rac8 17. Nd5 Bxd5 18. Rxd5 Rc5 19. c4 Rxd5 20. exd5 Re8 21. f5 Ne5 22. Be4 Qd4 23. Bb1 g5 24. Qh5 h6 25.
Qe2 f6 26. Qh5 Rh8 27. Re1 g4 28. h3 Qf2 29. Rg1 Rc8 30. hxg4 b5 31. cxb5 axb5 32.
Qh3 b4 33. Be4 Qxa2 34. Qh5 Qxb3 35. Ra1 Qe3 36. Bf3 Nxf3 37. Qg6+ Kh8 38. gxf3 Qxf3+ 39. Kh2 Qf2+ 40. Kh1 Qf3+ 0-1

[Event "*** SCC Grand Prix: Titled Tuesday Blitz"]
[Site "Chess.com"]
[Date "2020.06.23"]
[Round "8"]
[White "mishanick"]
[Black "Igor_Lysyj"]
[Result "1-0"]
[WhiteElo "2999"]
[BlackElo "2780"]
[TimeControl "180+1"]
[EndTime "11:35:37 PDT"]
[Termination "mishanick won by resignation"]

1. d4 d5 2. c4 e6 3. Nf3 dxc4 4. e3 Nf6 5. Bxc4 c5 6. O-O cxd4 7. exd4 Be7 8. Nc3 O-O 9. Bg5 h6 10. Bh4 Nc6 11. Re1 Nh5 12. Bxe7 Nxe7 13. Ne5 Nf6 14. Qd3 Bd7 15. Rad1 Bc6 16. Nxc6 bxc6 17. Ne4 Nxe4 18. Qxe4 Qd6 19. Bd3 g6 20. h4 Rfd8 21. h5 Qxd4 22. hxg6 Nxg6 23. Qxd4 Rxd4 24. Bxg6 Rxd1 25. Bxf7+ Kxf7 26. Rxd1 Ke7 27. Rd4 Rb8 28. b3 Rb5 29. f3 Rd5 30. Ra4 a5 31. Kf2 h5 32. Kg3 Rg5+ 33. Kh3 Rd5 34. g3 Kf6 35. Rc4 Rd2 36. Ra4 Rd5 37.
f4 Kg6 38. Rc4 Rd2 39. Rxc6 Kf6 40. a4 Rd3 41. Rc5 Rxb3 42. Rxh5 1-0